Florence2, neutral female human Healer ------- ------ #......| ------ -------- )#)))%))?.@.| ----- ###|.---.| |...$| ----......| # |....| |...|#######..| |.| ---------- |...^-##### |..........## ##.....| |...|# ### |.| |.| |..>.....| |....| # |.........| # |....| |.|.|# # |.---.| |.........# -.--..######..........| ### ---.-- ##....|# # |*....| |.[......|# ## ----......| # # # |...|# # ------- ----------# # --|----- ### # ### -.---# # # ) ##### # ########(####### # # # # # # # # # # # # ### # ### # # # # ### # ############### # # # ### # # -.----- ---------.-# ### ## # # # ###|.....| |.(........# # --.---# -.---# #......| |.{`.....)|### |....|# |..(|# |.....| |.........[# |....|# |....# |.....| -----------`#####-...<.# |..*| ------- ------ ----- Florence2 the Empiric Experience level: 3 Strength: 8 Dexterity: 9 Constitution: 5 Intelligence: 10 Wisdom: 18 Charisma: 16 Health: 18(39) Energy: 20(20) Def: 6 Gold: 314 Moves: 7650 Dungeon seed: 0kmUD_jYoSsbCLHt Game ID: Florence2_1533056561 Your Inventory: Coins $ - 314 gold pieces Weapons a - an uncursed -3 scalpel Armor e - an uncursed +1 pair of leather gloves (being worn) j - an uncursed +0 dwarvish iron helm q - an uncursed +0 elven leather helm z - an uncursed +0 pair of iron shoes (being worn) Comestibles d - an uncursed food ration h - an uncursed tripe ration l - an uncursed partly eaten food ration V - an uncursed fortune cookie Z - an uncursed cram ration Rings p - a cursed ring of aggravate monster A - a cursed ring of hunger R - an uncursed ring of regeneration Wands f - an uncursed wand of enlightenment (0:11) g - an uncursed wand of sleep (0:4) B - an uncursed wand of create monster (0:4) C - an uncursed wand of light (0:13) E - an uncursed wand of enlightenment (0:10) Tools c - an uncursed stethoscope i - an uncursed tin whistle m - an uncursed brass lantern (0:97) o - an uncursed skeleton key s - an uncursed oil lamp (0:943) t - an uncursed leash v - an uncursed leash W - an uncursed tin whistle Gems r - an uncursed worthless piece of white glass Spells and supernatural/magical abilities: Name Level Category Fail Memory h - healing 1 healing 12% 62% x - extra healing 3 healing 36% 62% R - restore ability 4 healing 100% 88% S - stone to flesh 3 healing 50% 62% W - pray for help -- divine ? -- Your skills at the end: Miscellaneous Skills wands [Basic] Weapon Skills knife [Basic] Spellcasting Skills healing spells [Basic] Final Attributes: You were piously aligned. You were poison resistant. Your writing hand was thoroughly cramped from overuse. You were stealthy. You were protected. You survived. Vanquished creatures: a large mimic 2 small mimics a large cat an imp an Uruk-hai 4 rock piercers a pony a shrieker 4 gnome lords 2 gnomish wizards 2 paper golems 5 giant ants a floating eye a kitten 7 dwarves a homunculus 2 kobold lords 2 rothes 3 rabid rats 3 jitterbugs 4 orc zombies 5 dwarf zombies a wererat a werejackal 3 coyotes a hobbit an acid blob a large kobold 5 geckos a hobgoblin 2 giant rats 4 cave spiders a yellow mold a green mold 20 gnomes 2 manes a gnome zombie 9 jackals 2 foxes 7 newts 5 goblins 8 sewer rats 3 grid bugs a bat 6 lichens a kobold zombie 141 creatures vanquished. Voluntary challenges: You did not adorn yourself with jewelry or accessories. You did not cause conflict. You were not invisible. You did not have reflection. You were not displaced. You never hit with a wielded weapon. You had been a pacifist until turn 7635. You did not apply a unicorn horn. You did not use plumbed fixtures. You read items or engraved 32 times, starting on turn 1336. You never genocided any monsters. You never polymorphed an object. You never changed form. You used no wishes. You never split a pudding. You wrote Elbereth's name 13 times, starting on turn 2242. You never violated your personal moral code. Dungeon overview: The Dungeons of Doom: levels 1 to 8 Level 1 (T) a long staircase Level 2 Level 3 an altar to Athena stairs to The Gnomish Mines Level 4 (books T) Level 5 a fountain Level 6 a fountain Level 7 (la stalla) <- You were here a fountain Level 8 (spare cat) many fountains The Gnomish Mines: levels 4 to 6 Level 4 stairs to The Dungeons of Doom Level 5 Level 6 some shops, a temple to Hermes, a magic chest, some fountains History has recorded: On T:1 you entered the Dungeons of Doom to retrieve the Amulet of Yendor! On T:243 you prayed to Hermes. On T:1039 you reached level 2 of The Dungeons of Doom. On T:1102 you reached level 3 of The Dungeons of Doom. On T:1323 you reached level 4 of The Dungeons of Doom. On T:1595 you reached level 5 of The Dungeons of Doom. On T:1872 you reached level 6 of The Dungeons of Doom. On T:1983 you prayed to Hermes. On T:2226 you reached level 7 of The Dungeons of Doom. On T:3075 you reached level 8 of The Dungeons of Doom. On T:3225 you received advice from The Oracle. On T:3225 you advanced to experience level 2. On T:3226 you advanced to experience level 3. On T:3227 you received advice from The Oracle. On T:3909 you reached level 1 of The Gnomish Mines. On T:4274 you reached level 2 of The Gnomish Mines. On T:4401 you reached level 3 of The Gnomish Mines. On T:5000 you entered the Minetown temple On T:5039 you opened a magic chest. On T:5182 you received a spellbook of restore ability from Hermes. On T:7278 you prayed to Hermes. Score breakdown: Gold: 0 ( 0 points) Experience: 3 levels ( 200 points) Exploration: 8 levels ( 210 points) Discoveries: 19 items ( 950 points) Variety of kills: 46 monsters ( 2000 points) Major goal: reached Minetown ( 500 points) Survival: quit (score multiplied by 3) Total score: 11580 Latest messages: The Uruk-hai wields a crude short sword! The crude short sword welds itself to the Uruk-hai's hand! You punch the Uruk-hai. The Uruk-hai is moderately wounded. You punch the Uruk-hai. The Uruk-hai is moderately wounded. The Uruk-hai thrusts her crude short sword at you. The Uruk-hai just misses! You miss the Uruk-hai. The Uruk-hai thrusts her crude short sword at you. The Uruk-hai misses. You punch the Uruk-hai. The Uruk-hai is heavily wounded. You punch the Uruk-hai. The Uruk-hai is almost dead. The Uruk-hai thrusts her crude short sword at you. The Uruk-hai just misses! You kill the Uruk-hai! There are a few objects here. Something is hit. There appears to be no shopkeeper here to receive your payment. To quit the game, use the 'save' command (typically on 'S'). Final status: Goodbye Florence2 the Healer, quit... You quit in The Dungeons of Doom on dungeon level 7 with 11580 points, and 314 pieces of gold, after 7650 moves. You were level 3 with a maximum of 39 hit points when you quit.